[Event "Israel National League 2024"]
[Site "Israel"]
[Date "2024.03.08"]
[Round "11.35"]
[White "Gofman, Alex"]
[Black "Caspi, Israel"]
[Result "0-1"]
[ECO "A85"]
[WhiteElo "2221"]
[BlackElo "2468"]
[Annotator "TA"]
[PlyCount "60"]
[EventDate "2024.01.07"]
[EventType "team-tourn"]
[EventCountry "ISR"]
[SourceTitle "playchess.com"]
[Source "ChessBase"]
[SourceQuality "1"]
[TimeControl "40/5400+30:1800+30"]

1. d4 f5 2. c4 Nf6 3. Nc3 g6 4. e3 Bg7 5. Bd3 O-O 6. Nge2 Nc6 7. O-O d6 8. b3 {[%emt 0:05:39] The position is equal.} e5 9. Bb2 Bd7 10. Rc1 e4 11. Bb1 Ne7 12. d5 g5 13. f3 exf3 14. Rxf3 Ng6 15. Nd4 (15. Bxf5 $5 Nh4 16. Nd4 $14) 15... Nh4 16. Nxf5 (16. Rf1 {is more complex.} Qe7 17. Qd2 Ng4 18. Rce1) 16... Bxf5 17. Bxf5 Nxf3+ 18. Qxf3 Qe7 19. Rf1 Ne8 20. Qh3 Be5 21. Qh6 (21. Bxh7+ Kg7 22. Rxf8 (22. Bf5 Rh8 $15) 22... Kxf8) (21. e4 $11 {keeps the balance.}) 21... Kh8 $17 (21... Rxf5 $2 22. Rxf5 Bf6 (22... Bxc3 $2 23. Bxc3 Qxe3+ 24. Rf2 $18) 23. Kf1 $18) 22. Bxh7 {[%emt 0:01:06] [#] Threatening mate with Be4+.} Rxf1+ 23. Kxf1 {[%emt 0:00:14] Black must now prevent Bf5+.} Qf6+ ({Of course not} 23... Qxh7 $6 24. Qf8+ Qg8 25. Qh6+ Qh7 26. Qf8+ Qg8 27. Qh6+ Qh7 $11) 24. Qxf6+ Nxf6 25. Bd3 Rf8 26. Ke2 Ng4 {[%emt 0:01:02] [#] ...Rf2+ is the strong threat. Black is more active.} ({Stronger than} 26... Bxh2 27. Ne4 Be5 28. Bxe5 dxe5 29. Nxg5 $16) 27. Kd2 $2 {[%emt 0:01:32][%mdl 8192] Now White is beyond hope.} (27. Nd1 $17) 27... Rf2+ $19 {[%emt 0:00:42] Black is clearly winning.} 28. Be2 Rxg2 (28... Bxh2 $2 {perishes.} 29. Nd1+ Be5 30. Nxf2 Nxf2 31. Bxe5+ dxe5 32. Bd3 $18) 29. h3 Nf6 30. Kd3 Rh2 {[%emt 0:22:15] Weighted Error Value: White=0.33/Black=0.04 (flawless) .  Loses game:     	White=1     	---        Mistake:       	White=1     	---        Inaccurate:     	White=1     	---        OK:         	White=5     	Black=9      Best:        	White=2     	Black=4} 0-1

[Event "Israel National League 2024"]
[Site "Israel"]
[Date "2024.03.08"]
[Round "11.36"]
[White "Golod, Vitali"]
[Black "Kunin, Pavel"]
[Result "1-0"]
[ECO "D94"]
[WhiteElo "2498"]
[BlackElo "2221"]
[Annotator "TA"]
[PlyCount "53"]
[EventDate "2024.01.07"]
[EventType "team-tourn"]
[EventCountry "ISR"]
[SourceTitle "playchess.com"]
[Source "ChessBase"]
[SourceQuality "1"]
[TimeControl "40/5400+30:1800+30"]

1. d4 d5 2. c4 c6 3. Nf3 Nf6 4. e3 g6 5. Nc3 Bg7 6. Be2 O-O 7. O-O Nbd7 8. cxd5 cxd5 9. Qb3 e6 10. Bd2 Ne4 11. Rfc1 Nxd2 12. Nxd2 Qb6 {[%emt 0:04:22] The position is equal.} 13. a4 Qxb3 14. Nxb3 a6 15. a5 Rd8 16. Na4 e5 17. Rc7 exd4 18. exd4 Rb8 19. Rac1 Nf8 20. Nb6 Be6 21. Nc5 {[%emt 0:01:51] Wards off Nd7. Excellent horsemanship.} Bxd4 22. Nxb7 ({White should try} 22. Rxb7 $14 Rxb7 (22... Bxb2 23. Rxb8 Rxb8 24. Rc2 $16) 23. Nxb7) 22... Bxb2 $2 {[%emt 0:03:03][%mdl 8192] [#]} (22... Re8 $11 23. Bxa6 Bxb2) 23. Nxd8 $18 Bxc1 $2 (23... Rxd8 {might work better.} 24. Rb1 Be5) 24. Nxe6 ({Less strong is} 24. Rxc1 Rxd8 25. Bxa6 Nd7 $18) ({Weaker is} 24. Bxa6 Bf4 25. Nxe6 Nxe6 26. Rc8+ Rxc8 27. Bxc8 Bc7 $16) 24... Bd2 25. Nxf8 Bxa5 26. Nfd7 Bxb6 27. Rc6 {[%emt 0:00:20] Weighted Error Value: White=0.08 (flawless) /Black=0.52.  Loses game:     	---       	Black=1      Mistake:       	White=1     	Black=1      Inaccurate:     	White=1     	Black=1      OK:         	White=8     	Black=4      Best:        	White=3     	---} 1-0